AoeStats
← JaggedJimmyJay

MegaRandom

506351949Analyzed
1v1 RM · 20d ago on Sep 13, 2026· 28m 20s· 2 players
Game mode
Random Map
Map size
Tiny (2 player)
Population
200
Speed
Normal
Resources
Standard
Victory
Conquest
Starting age
Dark Age
Ending age
Imperial Age
RankedLock teamsTeams togetherTeam positionsShared explorationLock speedFull tech treeHidden civsTurbo modeCheats
Victory
Defeat
🇺🇸 Spanish · United States
1033
+16
🇪🇸 Spanish · Spain
1026
-16
tatito
8:31 Loom
10:20 Feudal Age
11:24 Town Watch
12:42 Man-at-Arms
16:19 Double-Bit Axe
17:14 Horse Collar
20:38 Castle Age
19:26 Bloodlines
19:14 Stone Mining
20:29 Gold Mining
21:00 Bloodlines
22:08 Bow Saw
JaggedJimmyJay
4:03 Loom
10:55 Feudal Age
16:59 Castle Age
16:54 Stone Mining
18:25 Gold Mining
22:58 Horse Collar
Connection lost

Rejoining the realm…

Still unreachable

The connection could not be restored.

Session expired

The server has moved on; the page needs a fresh start.